 Dungeon Crawl Stone Soup version 0.31-a0-165-g3f4f80340b (webtiles) character file.

Game seed: 775762670775221863

2575 qw the Cleaver (level 9, 0/56 HPs)
             Began as a Gargoyle Fighter on June 13, 2023.
             Slain by Maggie
             ... wielding a +2 glaive of flaming
              (4 damage)
             ... on level 7 of the Dungeon.
             The game lasted 00:02:40 (4581 turns).

qw the Cleaver (Gargoyle Fighter)                   Turns: 4581, Time: 00:02:41

Health: 0/56       AC: 21    Str: 24    XL:     9   Next: 57%
Magic:  9/9        EV: 12    Int:  9    God:
Gold:   265        SH:  9    Dex:  9    Spells: 8/8 levels left

rFire   . . .        g - +0 war axe (vamp)
rCold   . . .        c - +0 buckler
rNeg    + + .        v - +0 plate armour
rPois   inf          (no helmet)
rElec   +            (no cloak)
rCorr   .            b - +0 pair of gloves
SInv    .            f - +0 pair of boots
Will    .....        u - amulet of reflection Stlth
                     m - +5 ring of evasion
HPRegen 0.29/turn    o - ring of positive energy
MPRegen 0.11/turn

%: reflection
@: about to teleport, mesmerised
A: sickness immunity, AC +6, negative energy resistance 1, electricity
resistance, torment resistance 1, petrification resistance
a: no special abilities


You were on level 7 of the Dungeon.
You visited 1 branch of the dungeon, and saw 7 of its levels.

You collected 265 gold pieces.


Innate Abilities, Weirdness & Mutations

You are immune to sickness and miasma.
Your stone body is resilient. (AC +6)
You are immune to poison.
You resist negative energy. (rN+)
You are resistant to electric shocks. (rElec)
You are resistant to unholy torment.
You are immune to petrification.


   Skills:
 + Level 6.9 Fighting
 - Level 9.0 Axes
 - Level 2.0 Throwing
 - Level 6.0 Armour
 - Level 1.1 Dodging
 - Level 4.3 Shields


You had 8 spell levels left.
You didn't know any spells.
Your spell library was empty.

Inventory:

Hand Weapons
 g - a +0 vampiric war axe (weapon)
 l - a +3 morningstar
 t - a +0 war axe
Armour
 b - a +0 pair of gloves (worn)
 c - a +0 buckler (worn)
 f - a +0 pair of boots (worn)
 j - a +0 helmet
 v - a +0 plate armour (worn)
Jewellery
 m - a +5 ring of evasion (left hand)
 o - a ring of positive energy (right hand)
 u - an amulet of reflection (around neck)
Scrolls
 a - a scroll of identify
 r - a scroll of teleportation
Potions
 d - a potion of might
 e - 2 potions of heal wounds
 h - 2 potions of mutation
 i - a potion of attraction
 k - a potion of lignification {unknown}
 n - a potion of magic
 p - 4 potions of curing
 s - a potion of haste

Dungeon Overview and Level Annotations

Branches:
Dungeon (7/15)
 Temple: D:4-7

Altars:
Yredelemnul

Annotations:
D:6 2 transporters, qw's ghost, novice NaHu
D:7 Maggie


Message History

You block Maggie's attack.
Maggie mumbles some strange words.
Maggie attempts to bespell you!
You are mesmerised by Maggie!
Maggie casts a spell at you. The bolt of fire misses you.
You slash Maggie!
You feel better.
Maggie is lightly wounded.
You block Maggie's attack.
You closely miss Maggie.
Maggie is lightly wounded.
Maggie mumbles some strange words.
Maggie draws you further into her thrall.
You block Maggie's attack.
You hit Maggie but do no damage.
Maggie is lightly wounded.
You block Maggie's attack.
Maggie gestures wildly while chanting.
Maggie draws you further into her thrall.
You slash Maggie!
Maggie is heavily wounded.
Maggie completely misses you.
You hit Maggie.
You feel better.
Maggie is heavily wounded.
Maggie hits you with a +2 glaive of flaming!
Maggie burns you. You block Maggie's attack.
You barely miss Maggie.
Maggie is heavily wounded.
Maggie hits you with a +2 glaive of flaming.
Maggie burns you.
You slash Maggie!
You feel better.
Maggie is severely wounded.
Maggie gestures at you while chanting. The bolt of fire hits you!
Maggie hits you but does no damage.
4581 ||| READING 2 scrolls of teleportation.
As you read the scroll of teleportation, it crumbles to dust.
You feel strangely unstable.
Maggie hits you with a +2 glaive of flaming!
Maggie burns you.
You die...

###### #######.....#
#......#.....@.....#
#......#....@#.....#
#......#.....# .)..+
#......+.....# ...#
#......#.....# ..#
####......##'##.# .#
#.............#.# #
#.............#..
#.............#..#
#.............#..#


You could see Maggie (mesmerising, fast).

Vanquished Creatures
  A steam dragon (D:6)
  Menkaure (D:6)
  Edmund (D:6)
  Duvessa (D:5)
  A water moccasin (D:7)
  Pargi (D:3)
  An orc warrior (D:6)
  2 sky beasts
  3 black bears
  2 ogres
  2 phantoms (D:5)
  2 scorpions (D:4)
  3 wights (D:7)
  Dowan (D:5)
  A howler monkey (D:5)
  A hound (D:5)
  A jelly (D:4)
  3 orc priests
  9 iguanas
  3 orc wizards (D:6)
  3 gnolls (D:5)
  9 adders
  A shadow imp (D:6)
  A white imp (D:6)
  An ufetubus (D:4)
  2 worms
  2 dart slugs
  16 orcs
  11 ball pythons
  2 bats
  2 endoplasms (D:3)
  2 giant cockroaches
  5 goblins
  5 hobgoblins
  9 jackals
  4 kobolds
  A quokka (D:4)
  3 frilled lizards
  4 rats
123 creatures vanquished.

Notes
Turn   | Place    | Note
-------+----------+-------------------------------------------
     0 | D:1      | qw the Gargoyle Fighter began the quest for the Orb.
     0 | D:1      | Reached XP level 1. HP: 14/14 MP: 1/1
     0 | D:1      | 0 ||| qw: Version: 0.2-a-29-gc1b59c4
     0 | D:1      | 0 ||| qw: Game counter: 4777
     0 | D:1      | 0 ||| qw: Always use a shield: true
     0 | D:1      | 0 ||| qw: God list: Okawaru
     0 | D:1      | 0 ||| qw: Allow faded altars: false
     0 | D:1      | 0 ||| qw: Do Orc after D:15 true
     0 | D:1      | 0 ||| qw: Do second Lair branch before Depths: true
     0 | D:1      | 0 ||| qw: Lair rune preference: random
     0 | D:1      | 0 ||| qw: Plans: Normal, Zot:1-4, Slime:5, God:TSO, Crypt,
                  | Tomb, Abyss, Pan, Hells, Win
     0 | D:1      | 0 ||| PLANNING D:1-11
   262 | D:1      | Found a faded altar of an unknown god.
   379 | D:1      | Reached skill level 2 in Axes
   644 | D:1      | 644 ||| READING 4 scrolls labelled XOUJOA GOUF.
   645 | D:1      | 645 ||| READING scroll labelled REYGAM QARUCO.
   646 | D:1      | 646 ||| READING scroll labelled XUESCH GIEFAH.
   647 | D:1      | 647 ||| READING scroll labelled VUONON URCHYEWEPP.
   648 | D:1      | 648 ||| READING 3 scrolls of identify.
   648 | D:1      | 648 ||| IDENTIFYING puce potion
   712 | D:2      | 712 ||| Stepping ~*~*~tactically~*~*~ (hiding).
   722 | D:2      | Reached XP level 2. HP: 18/19 MP: 2/2
   864 | D:2      | 864 ||| Stepping ~*~*~tactically~*~*~ (stealth).
   865 | D:2      | 865 ||| Stepping ~*~*~tactically~*~*~ (stealth).
   871 | D:2      | Reached skill level 3 in Axes
   885 | D:2      | Reached XP level 3. HP: 23/23 MP: 3/3
   995 | D:2      | 995 ||| Stepping ~*~*~tactically~*~*~ (stealth).
  1492 | D:2      | 1492 ||| UPGRADING to +0 pair of boots.
  1497 | D:2      | 1497 ||| UPGRADING to +0 chain mail.
  1507 | D:2      | 1507 ||| DROPPING +0 scale mail.
  1508 | D:2      | 1508 ||| UPGRADING to +5 ring of evasion.
  1509 | D:2      | 1509 ||| UPGRADING to ring of positive energy.
  1510 | D:2      | 1510 ||| READING scroll labelled REMOKHL JEENO.
  1513 | D:2      | 1513 ||| DRINKING 2 murky grey potions.
  1514 | D:2      | 1514 ||| READING 2 scrolls of identify.
  1514 | D:2      | 1514 ||| IDENTIFYING blue potion
  1515 | D:2      | 1515 ||| DROPPING potion of degeneration.
  1563 | D:3      | 1563 ||| Stepping ~*~*~tactically~*~*~ (stealth).
  1586 | D:3      | 1586 ||| Stepping ~*~*~tactically~*~*~ (stealth).
  1791 | D:3      | Reached XP level 4. HP: 28/28 MP: 4/4
  1794 | D:3      | Reached skill level 4 in Axes
  1814 | D:3      | 1814 ||| DROPPING +0 whip.
  1817 | D:3      | 1817 ||| DROPPING +0 flail.
  1934 | D:3      | Noticed Pargi
  1949 | D:3      | Killed Pargi
  1950 | D:3      | Reached skill level 5 in Axes
  1950 | D:3      | Reached XP level 5. HP: 32/32 MP: 5/5
  2190 | D:3      | 2190 ||| READING scroll labelled CUMUAXT KAUQ.
  2191 | D:3      | 2191 ||| READING scroll labelled EKEKHI GAHEERGH.
  2192 | D:3      | 2192 ||| DRINKING 3 sapphire potions.
  2193 | D:3      | 2193 ||| DRINKING 4 fizzy grey potions.
  2202 | D:3      | 2202 ||| DROPPING 2 potions of brilliance.
  2203 | D:3      | 2203 ||| DROPPING 3 potions of ambrosia.
  2262 | D:4      | Reached XP level 6. HP: 37/38 MP: 6/6
  2542 | D:4      | Reached skill level 6 in Axes
  2542 | D:4      | Reached XP level 7. HP: 44/44 MP: 7/7
  2678 | D:4      | 2678 ||| Stepping ~*~*~tactically~*~*~ (hiding).
  2788 | D:4      | 2788 ||| UPGRADING to +0 pair of gloves.
  2793 | D:4      | 2793 ||| UPGRADING to amulet of the acrobat.
  2798 | D:4      | 2798 ||| UPGRADING to amulet of regeneration.
  2808 | D:4      | 2808 ||| DROPPING amulet of the acrobat.
  2809 | D:4      | 2809 ||| READING scroll labelled MEUHASI SEELL.
  2810 | D:4      | 2810 ||| READING 3 scrolls of identify.
  2810 | D:4      | 2810 ||| IDENTIFYING bubbling grey potion
  2811 | D:4      | 2811 ||| READING 2 scrolls of identify.
  2811 | D:4      | 2811 ||| IDENTIFYING lumpy orange potion
  2824 | D:5      | Entered Level 5 of the Dungeon
  2833 | D:5      | Reached skill level 1 in Dodging
  2869 | D:5      | 2869 ||| Stepping ~*~*~tactically~*~*~ (stealth).
  2905 | D:5      | 2905 ||| Stepping ~*~*~tactically~*~*~ (stealth).
  2916 | D:5      | Reached skill level 7 in Axes
  2984 | D:5      | Noticed Dowan
  2991 | D:5      | Reached XP level 8. HP: 49/49 MP: 8/8
  2992 | D:5      | 2992 ||| Stepping ~*~*~tactically~*~*~ (hiding).
  2993 | D:5      | 2993 ||| Stepping ~*~*~tactically~*~*~ (hiding).
  2996 | D:5      | Noticed Duvessa
  3008 | D:5      | Killed Dowan
  3020 | D:5      | Killed Duvessa
  3032 | D:5      | Found a basalt altar of Yredelemnul.
  3111 | D:5      | Reached skill level 8 in Axes
  3355 | D:5      | 3355 ||| DROPPING +0 hat of intelligence.
  3356 | D:5      | 3356 ||| DROPPING ring of wizardry.
  3357 | D:5      | 3357 ||| READING scroll labelled NIMIOM QIVUEMY.
  3358 | D:5      | 3358 ||| READING 2 scrolls of identify.
  3358 | D:5      | 3358 ||| IDENTIFYING purple potion
  3425 | D:6      | Found a transporter.
  3459 | D:6      | Reached skill level 6 in Fighting
  3576 | D:6      | 3576 ||| DROPPING +0 hand axe.
  3606 | D:6      | 3606 ||| Stepping ~*~*~tactically~*~*~ (stealth).
  3607 | D:6      | 3607 ||| Stepping ~*~*~tactically~*~*~ (stealth).
  3610 | D:6      | 3610 ||| Stepping ~*~*~tactically~*~*~ (hiding).
  3650 | D:6      | Noticed Menkaure
  3651 | D:6      | 3651 ||| FLEEEEING.
  3656 | D:6      | 3656 ||| Stepping ~*~*~tactically~*~*~ (hiding).
  3662 | D:6      | Killed Menkaure
  3784 | D:6      | Noticed Edmund
  3801 | D:6      | Killed Edmund
  3802 | D:6      | Reached XP level 9. HP: 51/56 MP: 9/9
  3898 | D:6      | 3898 ||| Stepping ~*~*~tactically~*~*~ (hiding).
  3899 | D:6      | 3899 ||| Stepping ~*~*~tactically~*~*~ (hiding).
  3931 | D:6      | Reached skill level 9 in Axes
  3946 | D:6      | Noticed qw's ghost (novice NaHu)
  3948 | D:6      | Found a transporter.
  3949 | D:6      | Identified the +10 dire flail of Babriesm {venom, *Rage rF+
                  | rN++}
  4049 | D:6      | 4049 ||| Stepping ~*~*~tactically~*~*~ (cloud).
  4252 | D:6      | Identified the +9 whip of Impermanence {pain, SInv}
  4284 | D:6      | 4284 ||| UPGRADING to +0 plate armour.
  4294 | D:6      | 4294 ||| DROPPING +0 chain mail.
  4295 | D:6      | 4295 ||| UPGRADING to amulet of reflection.
  4305 | D:6      | 4305 ||| DROPPING amulet of regeneration.
  4306 | D:6      | 4306 ||| DRINKING 3 lumpy yellow potions.
  4498 | D:7      | 4498 ||| DROPPING +0 morningstar.
  4550 | D:7      | Reached skill level 6 in Armour
  4565 | D:7      | Noticed Maggie
  4566 | D:7      | 4566 ||| Stepping ~*~*~tactically~*~*~ (hiding).
  4567 | D:7      | 4567 ||| Stepping ~*~*~tactically~*~*~ (hiding).
  4568 | D:7      | 4568 ||| Stepping ~*~*~tactically~*~*~ (hiding).
  4569 | D:7      | 4569 ||| Stepping ~*~*~tactically~*~*~ (hiding).
  4571 | D:7      | 4571 ||| Stepping ~*~*~tactically~*~*~ (hiding).
  4580 | D:7      | HP: 11/56 [Maggie/bolt of fire (16)]
  4581 | D:7      | 4581 ||| READING 2 scrolls of teleportation.
  4581 | D:7      | HP: 4/56 [Maggie/+2 glaive of flaming (7)]
  4581 | D:7      | Slain by Maggie

Levels and vault maps discovered:
D:1:      dpeg_arrival_signposts, layout_loops_cross,
          shapermc_ecumenical_altar_mp_urbaneastern
D:2:      layout_basic
D:3:      layout_loops_ring, uniq_pargi
D:4:      layout_rooms
D:5:      layout_rooms, mainiacjoe_overflow_catwalk, grunt_ministairs_15,
          uniq_duvessa
D:6:      layout_basic, gammafunk_ghost_smash, uniq_menkaure, uniq_edmund
D:7:      cheibrodos_two_vegetables, layout_gridville,
          minmay_temple_entry_butterflies, uniq_maggie, uniq_pikel

Skill      XL: |  1  2  3  4  5  6  7  8  9 |
---------------+----------------------------+-----
Axes           | 2 3 5 6 7 8 9 |  9.0
Fighting       | 4 5 6 |  6.9
Dodging        | 1 |  1.1
Armour         | 4 6 |  6.0
Throwing       | 2 |  2.0
Shields        | 4 |  4.3

Action                     |  1- 3 |  4- 6 |  7- 9 || total
---------------------------+-------+-------+-------++-------
  Melee: War axe           |    82 |    95 |   287 ||   464
  Throw: Boomerang         |       |       |    13 ||    13
    Use: Scroll            |     7 |     2 |     6 ||    15
         Potion            |     1 |     2 |     1 ||     4
 Armour: Scale mail        |    32 |       |       ||    32
         Chain mail        |     9 |    46 |   123 ||   178
         Plate armour      |       |       |    16 ||    16
  Dodge: Dodged            |    30 |    74 |   173 ||   277
  Block: Buckler           |    15 |    28 |    56 ||    99

Table legend:
 A = Non-vault XP
 B = Vault XP
 C = Vault XP percentage of total XP
 D = Non-vault monster count
 E = Vault monster count
 F = Vault count percentage of total count
                 A         B        C        D         E       F
            +---------+---------+-------+---------+---------+-------
      Total |    2771 |     908 |  24.7 |     116 |       7 |   5.7
            +---------+---------+-------+---------+---------+-------
        D:1 |       6 |       0 |   0.0 |       4 |       0 |   0.0
        D:2 |      50 |       0 |   0.0 |      21 |       0 |   0.0
        D:3 |      93 |     138 |  59.7 |      22 |       1 |   4.3
        D:4 |     354 |       0 |   0.0 |      21 |       0 |   0.0
        D:5 |     611 |     439 |  41.8 |      18 |       4 |  18.2
        D:6 |    1110 |     331 |  23.0 |      24 |       2 |   7.7
        D:7 |     547 |       0 |   0.0 |       6 |       0 |   0.0
            +---------+---------+-------+---------+---------+-------
